 Dungeon Crawl Stone Soup version 0.28.0 (webtiles) character file.

Game seed: 14814890353765803010

77 themarg the Caller (level 4, -4/31 HPs)
             Began as a Merfolk Summoner on Feb 11, 2022.
             Slain by an orc (8 damage)
             ... on level 3 of the Dungeon.
             The game lasted 00:12:31 (3657 turns).

themarg the Caller (Merfolk Summoner)               Turns: 3657, Time: 00:12:32

Health: -4/31      AC:  3    Str:  8    XL:     4   Next: 33%
Magic:  4/7        EV: 13    Int: 16    God:
Gold:   127        SH:  0    Dex: 14    Spells: 4/8 levels left

rFire   + . .      SeeInvis .   n - +1 short sword (venom)
rCold   x . .      Faith    +   (no shield)
rNeg    . . .      Spirit   .   a - +0 robe
rPois   .          Reflect  .   (no helmet)
rElec   .          Harm     .   k - +0 cloak
rCorr   .          Rampage  .   (no gloves)
Will    .....                   (no boots)
Stlth   ++........              m - amulet of faith
HPRegen 0.10/turn               e - ring of fire
MPRegen 0.10/turn               (no ring)

@: no status effects
A: (nimble swimmer 2), mertail
a: no special abilities


You were on level 3 of the Dungeon.
You visited 1 branch of the dungeon, and saw 3 of its levels.

You collected 127 gold pieces.

Inventory:

Hand Weapons
 n - a +1 short sword of venom (weapon)
Missiles
 h - 32 stones
Armour
 a - a +0 robe (worn)
 k - a +0 cloak (worn)
Jewellery
 e - a ring of fire (left hand)
 m - an amulet of faith (around neck)
Scrolls
 c - 2 scrolls of immolation {unknown}
 d - a scroll of identify {unknown}
 f - a scroll of fog {unknown}
 i - a scroll of vulnerability {unknown}
 j - a scroll of silence {unknown}
 p - a scroll of summoning {unknown}
Potions
 b - a potion of might {unknown}
 g - a potion of flight {unknown}
 l - 3 potions of degeneration {unknown}
 o - a potion of curing {unknown}


   Skills:
 + Level 0.7 Fighting
 + Level 1.0 Short Blades
 + Level 0.3 Maces & Flails
 + Level 3.2 Dodging
 + Level 2.4 Stealth
 + Level 2.6 Spellcasting
 + Level 4.7 Summonings


You had 4 spell levels left.
You knew the following spells:

 Your Spells              Type           Power      Damage    Failure   Level
a - Summon Small Mammal   Summ           68%        N/A       2%          1
b - Call Canine Familiar  Summ           17%        N/A       9%          3

Your spell library contained the following spells:

 Spells                   Type           Power      Damage    Failure   Level
 Call Imp                 Summ           17%        N/A       4%          2
 Summon Guardian Golem    Hex/Summ       9%         N/A       22%         3
 Summon Lightning Spire   Summ/Air       9%         N/A       58%         4


Dungeon Overview and Level Annotations

Branches:
Dungeon (3/15)

Altars:
Beogh

Shops:
D:2 :


Innate Abilities, Weirdness & Mutations

((You are very nimble when in or above water. (Stealth+, EV+, Speed+++)))
Your lower body shifts to a powerful aquatic tail in water.


Message History

Your hound dies!
Your hound's corpse disappears in a puff of smoke!
Casting: Call Canine Familiar (quite dangerous; 9% risk of failure)
Confirm with . or Enter, or press ? or * to list all spells.
The spell is quite dangerous to miscast (9% risk of failure)!
Continue anyway?
You miscast Call Canine Familiar.
You are very lightly contaminated with residual magic.
Nothing appears to happen.
An orc opens the door.
There is a stone staircase leading up here.
You climb upwards.
There is a stone staircase leading down here.
You start resting.
Your magical contamination has completely faded away.
You start resting.
Magic restored.
You climb downwards.
The orc priest calls down the wrath of Beogh upon you.
Pain shoots through your body!
The orc priest calls down the wrath of Beogh upon you.
Pain shoots through your body!
There is a stone staircase leading up here.
Casting: Call Canine Familiar (quite dangerous; 9% risk of failure)
Confirm with . or Enter, or press ? or * to list all spells.
The spell is quite dangerous to miscast (9% risk of failure)!
Continue anyway?
You hit the orc priest.
The orc priest is poisoned.
The orc priest is moderately wounded.
Your hound barely misses the orc priest.
The orc priest hits you with a +0 flail.
You hit the orc priest but do no damage.
The orc priest looks as sick as possible!
The orc priest is moderately wounded.
Your hound bites the orc priest but does no damage.
The orc hits you but does no damage.
Your hound bites the orc priest.
The orc priest calls down the wrath of Beogh upon you.
Beogh smites you!
* * * LOW HITPOINT WARNING * * *
Your hound bites the orc priest but does no damage.
The orc hits you from afar with a +0 trident!
You die...

+.....#$8.8.#..#.#.####.#
#####.##.o. #.)#.#......#
#.#######....######.# #.#
#...#.### #.#
####'####...'.# ##'######
#...........#.# #.......#
#...........#o# #.......#
#...........#o##
#.......#
###.......)..).h@#
##'######
.##.........####.# #.#
.'........### #..# #.#
.#####....# ##.######'##
.# #....# #.........# .#
#....# #....(...# .#
###### #........# .######
#........# .....<#
#........#


You could see an orc priest (extremely poisoned, ally target), an orc and a
friendly hound (summoned).

Vanquished Creatures
  2 adders (D:3)
  A worm (D:3)
  2 endoplasms
  2 giant cockroaches (D:2)
  2 goblins
  4 ball pythons
  A bat (D:1)
  2 frilled lizards (D:3)
  A kobold (D:3)
  6 rats
23 creatures vanquished.

Vanquished Creatures (collateral kills)
  2 orcs (D:3)
  2 bats
  5 endoplasms
  2 giant cockroaches (D:1)
  5 goblins
  4 hobgoblins
  A quokka (D:2)
  A frilled lizard (D:2)
  2 kobolds
  4 rats
28 creatures vanquished.

Grand Total: 51 creatures vanquished

Notes
Turn   | Place    | Note
-------+----------+-------------------------------------------
     0 | D:1      | themarg the Merfolk Summoner began the quest for the Orb.
     0 | D:1      | Reached XP level 1. HP: 13/13 MP: 3/3
   751 | D:1      | Reached XP level 2. HP: 4/19 MP: 1/5
  1815 | D:1      | Found a faded altar of an unknown god.
  1815 | D:1      | Noticed a rust devil
  2083 | D:2      | Reached XP level 3. HP: 24/24 MP: 2/6
  2569 | D:2      | Learned a level 3 spell: Call Canine Familiar
  2632 | D:2      | Found Weton's Book Boutique.
  3272 | D:3      | Reached XP level 4. HP: 19/31 MP: 7/7
  3567 | D:3      | Reached skill level 1 in Short Blades
  3657 | D:3      | Slain by an orc

Illustrated notes

Levels and vault maps discovered:
D:1:      dpeg_arrival_line_fractal, layout_basic,
          dreamdust_ecumenical_altar_sealed_demon
D:2:      layout_rooms, serial_shops, nicolae_shop_behind_doors
D:3:      layout_basic, ebering_ghost_rock_garden, kennysheep_orc_chapel

Skill      XL: |  1  2  3  4 |
---------------+-------------+-----
Dodging        | 3 |  3.2
Short Blades   | 1 |  1.0
Fighting       | |  0.7
Maces & Flails | |  0.3
Stealth        | |  2.4
Spellcasting   | |  2.6
Summonings     | |  4.7

Action                   |  1- 3 |  4- 6 || total
-------------------------+-------+-------++-------
Melee: Club              |    16 |       ||    16
       Unarmed           |     6 |       ||     6
       Dagger            |    70 |       ||    70
       Short sword       |    11 |    10 ||    21
 Cast: Summon Small Mamm |    45 |     3 ||    48
       Call Canine Famil |       |     3 ||     3
 Stab: Sleeping          |     4 |       ||     4
       Distracted        |     1 |       ||     1
Armor: Robe              |    18 |     2 ||    20
Dodge: Dodged            |    67 |     6 ||    73
